[Event "Titled Tuesday Blitz March 28 Early 2023"]
[White "Toropov, Pavel"]
[Black "Wagner, Dennis"]
[WhiteFideId "24129178"]
[BlackFideId "24650684"]
[WhiteElo "2182"]
[BlackElo "2470"]
[Result "0-1"]
[Round "10"]
[TimeControl "180+2"]
[Date "2023.03.28"]
[WhiteClock "0:00:16"]
[BlackClock "0:01:06"]

1. e4 c5 2. Nf3 d6 3. Bb5+ Nd7 4. d4 cxd4 5. Qxd4 a6 6. Bxd7+ Bxd7 7. Nc3 Rc8 8. O-O e5 9. Qd3 h6 10. Nd2 Qc7 11. Rd1 Nf6 12. Nf1 Bg4 13. f3 Be6 14. Ne3 Be7 15. Bd2 O-O 16. Be1 b5 17. Rac1 d5 18. Ncxd5 Bxd5 19. exd5 Bc5 20. b3 e4 21. Qc3 exf3 22. Bg3 Qb6 23. Bf2 Ne4 24. Qd3 Nxf2 25. Kxf2 Rfe8 26. Re1 fxg2 27. Re2 Rxe3 28. Rxe3 Re8 29. Re1 Rxe3 30. Rxe3 Bxe3+ 31. Kxg2 Bc5 0-1


[Site "https://www.chess.com"]

[Event "Titled Tuesday Blitz March 28 Early 2023"]
[White "Jain Kashish Manoj"]
[Black "Iniyan, P"]
[WhiteFideId "35081098"]
[BlackFideId "25002767"]
[WhiteElo "2191"]
[BlackElo "2449"]
[Result "0-1"]
[Round "10"]
[TimeControl "180+2"]
[Date "2023.03.28"]
[WhiteClock "0:00:02"]
[BlackClock "0:02:18"]

1. Nf3 g6 2. d4 Bg7 3. c4 d6 4. Nc3 Nf6 5. e4 O-O 6. Be2 e5 7. O-O Nc6 8. Be3 Ng4 9. Bg5 f6 10. Bc1 Nh6 11. dxe5 dxe5 12. c5 Be6 13. h3 Nf7 14. Qa4 Nd4 15. Be3 Nxe2+ 16. Nxe2 c6 17. Rfd1 Qe7 18. b4 f5 19. Nc3 f4 20. Bc1 g5 21. Nh2 h5 22. Ba3 g4 23. hxg4 hxg4 24. b5 Rac8 25. bxc6 bxc6 26. Rd3 Qh4 27. g3 fxg3 28. Rxg3 Ng5 29. Qc2 Nh3+ 30. Rxh3 Qxh3 31. Nf1 Rf3 32. Ng3 Rcf8 33. Nce2 Rxf2 0-1


[Site "https://www.chess.com"]

[Event "Titled Tuesday Blitz March 28 Early 2023"]
[White "Koellner, Ruben Gideon"]
[Black "Hasangatin, Ramil"]
[WhiteFideId "12993093"]
[BlackFideId "4122160"]
[WhiteElo "2303"]
[BlackElo "2275"]
[Result "1/2-1/2"]
[Round "10"]
[TimeControl "180+2"]
[Date "2023.03.28"]
[WhiteClock "0:00:07"]
[BlackClock "0:00:04"]

1. d4 d5 2. Nf3 Nf6 3. e3 Bf5 4. Ne5 c5 5. g4 Be6 6. h3 Nc6 7. Bg2 Qb6 8. c3 Nxe5 9. dxe5 Nd7 10. f4 f5 11. Nd2 c4 12. Nf3 Nc5 13. Nd4 Nd3+ 14. Kd2 Nf2 15. Qe1 Nxh1 16. gxf5 Bxf5 17. Qxh1 Be4 18. Bxe4 dxe4 19. Qxe4 e6 20. Ke2 Bc5 21. Bd2 O-O-O 22. Rg1 g6 23. h4 Bxd4 24. exd4 Qc6 25. Qxc6+ bxc6 26. b4 Rhf8 27. a4 Rf5 28. Kf3 Rdf8 29. Ke4 Rh5 30. Rg4 Kb7 31. a5 Ka6 32. Be3 Kb5 33. Bf2 Ka4 34. Be1 Rhf5 35. Bd2 Kb3 36. Rg2 Kc2 37. Be1+ Kb3 38. Bd2 a6 39. Kf3 Kc2 40. Ke4 Kb3 41. Kf3 Rh5 42. Be1 Rg8 43. Ke4 h6 44. Ke3 Rf5 45. Ke4 g5 46. Bd2 g4 47. Be1 g3 48. Kf3 h5 49. Ke4 Rg4 50. Bd2 Rxh4 51. Rxg3 Rg4 52. Rh3 h4 53. Rh2 Rf8 54. Kf3 Rg3+ 55. Ke4 Rh8 56. f5 Rg4+ 57. Bf4 exf5+ 58. Kxf5 Rg1 59. e6 Rf8+ 60. Ke4 Rg4 61. e7 Re8 62. Kf5 Rxf4+ 63. Kxf4 Rxe7 64. Rh3 Kc2 65. Kf5 Kd2 66. Kf4 Re8 67. Rxh4 Kxc3 68. Rh6 Rc8 69. Ke4 Kxb4 70. Rh7 Rb8 71. Ra7 Kb3 72. Rxa6 Re8+ 73. Kf5 c3 74. Rxc6 c2 75. Rxc2 Kxc2 76. d5 Kc3 77. d6 Kc4 78. d7 Ra8 79. Ke6 Kb5 80. Ke7 Kxa5 81. d8=Q+ Rxd8 82. Kxd8 1/2-1/2


[Site "https://www.chess.com"]

[Event "Titled Tuesday Blitz March 28 Early 2023"]
[White "Csonka, Balazs"]
[Black "Staudenhocker43"]
[WhiteFideId "742910"]
[WhiteElo "2404"]
[BlackElo "2558"]
[Result "1/2-1/2"]
[Round "10"]
[TimeControl "180+2"]
[Date "2023.03.28"]
[WhiteClock "0:00:09"]
[BlackClock "0:02:21"]

1. e4 e5 2. Nf3 Nf6 3. Nxe5 d6 4. Nf3 Nxe4 5. d4 d5 6. Bd3 Bd6 7. O-O O-O 8. c4 c6 9. Re1 Bf5 10. Qb3 Qd7 11. Nc3 Nxc3 12. Bxf5 Qxf5 13. Qxb7 Ne4 14. Qxa8 Qd7 15. cxd5 cxd5 16. Rxe4 Nc6 17. Qxf8+ Kxf8 18. Re2 f6 19. Bd2 g5 20. Bc3 Ne7 21. Rae1 Kf7 22. a3 Ng6 23. Bb4 Bxb4 24. axb4 Qb5 25. Rc2 g4 26. Rc7+ Kf8 27. Rc8+ Kf7 28. Rc7+ Kf8 29. Rc8+ Kf7 30. Rc7+ 1/2-1/2


[Site "https://www.chess.com"]

[Event "Titled Tuesday Blitz March 28 Early 2023"]
[White "Savitha Shri B"]
[Black "Harshavardhan G B"]
[WhiteFideId "35061887"]
[BlackFideId "25059009"]
[WhiteElo "2191"]
[BlackElo "2323"]
[Result "0-1"]
[Round "10"]
[TimeControl "180+2"]
[Date "2023.03.28"]
[WhiteClock "0:00:27"]
[BlackClock "0:01:10"]

1. e4 c5 2. Nf3 d6 3. d4 cxd4 4. Nxd4 Nf6 5. Nc3 Nc6 6. Bg5 Bd7 7. Bb5 a6 8. Bxc6 bxc6 9. O-O e6 10. f4 Be7 11. e5 Nd5 12. Ne4 dxe5 13. Nd6+ Bxd6 14. Bxd8 exd4 15. Ba5 c5 16. Bd2 f5 17. b3 Nf6 18. Re1 Ne4 19. c3 O-O 20. cxd4 cxd4 21. Be3 dxe3 22. Rxe3 Bc6 23. Rc1 Bxf4 24. Rxc6 Bxe3+ 25. Kf1 Rad8 26. Qc2 e5 27. Rxa6 h6 28. Ra7 Bxa7 0-1


[Site "https://www.chess.com"]

[Event "Titled Tuesday Blitz March 28 Early 2023"]
[White "Shivakumar, Shawnak"]
[Black "Bitoon, Richard"]
[WhiteFideId "30940192"]
[BlackFideId "5201110"]
[WhiteElo "2089"]
[BlackElo "2374"]
[Result "0-1"]
[Round "10"]
[TimeControl "180+2"]
[Date "2023.03.28"]
[WhiteClock "0:00:20"]
[BlackClock "0:00:36"]

1. e4 e5 2. Nf3 Nc6 3. Bc4 Nf6 4. Ng5 d5 5. exd5 Nd4 6. c3 b5 7. cxd4 bxc4 8. dxe5 Nxd5 9. d4 Bb4+ 10. Kf1 O-O 11. h4 Bf5 12. Nd2 Bd3+ 13. Kg1 Nf4 14. a3 Ne2+ 15. Kh2 Bxd2 16. Bxd2 Qxd4 17. Nf3 Qxf2 18. Qe1 Qb6 19. Bc3 Rfe8 20. Rd1 Qg6 21. Rd2 Nf4 22. Qg3 Qxg3+ 23. Kxg3 Ne2+ 24. Kf2 Nxc3 25. bxc3 Rab8 26. Ne1 Bf5 27. Rd4 Rb2+ 28. Kg3 Be6 29. Nf3 Ra2 30. Ng5 c5 31. Rd6 Rxa3 32. Nxe6 Rxc3+ 33. Kf4 fxe6 34. Ra1 Re7 35. Kg4 h5+ 36. Kxh5 Rg3 37. Rxa7 g6+ 38. Kh6 Rxa7 39. Rd8+ Kf7 40. Rh8 Re7 41. Rh7+ Ke8 42. Rh8+ Kd7 43. Ra8 Kc6 44. Ra7 Rxa7 0-1


[Site "https://www.chess.com"]

[Event "Titled Tuesday Blitz March 28 Early 2023"]
[White "Lewtak, Damian"]
[Black "Thecourseoisildur"]
[WhiteFideId "1141724"]
[WhiteElo "2302"]
[BlackElo "2478"]
[Result "1-0"]
[Round "10"]
[TimeControl "180+2"]
[Date "2023.03.28"]
[WhiteClock "0:00:55"]
[BlackClock "0:00:43"]

1. e4 c5 2. Nf3 e6 3. d4 cxd4 4. Nxd4 Nf6 5. Nc3 Nc6 6. Ndb5 Bc5 7. Bf4 O-O 8. Bc7 Qe7 9. Bd6 Bxd6 10. Qxd6 Qd8 11. Bd3 a6 12. Nd4 Nxd4 13. Qxd4 d6 14. O-O-O Qc7 15. f4 e5 16. Qf2 Ng4 17. Qg3 exf4 18. Qxf4 Be6 19. Nd5 Bxd5 20. exd5 Ne5 21. Kb1 Rac8 22. c3 Rfe8 23. h4 Nxd3 24. Rxd3 Qc4 25. Qxc4 Rxc4 26. g3 Re2 27. Rc1 f6 28. b3 Rce4 29. c4 b6 30. Rc2 a5 31. a3 Kf7 32. Kb2 f5 33. Rxe2 Rxe2+ 34. Kc3 Ra2 35. Re3 Rxa3 36. Kb2 f4 37. gxf4 Rxb3+ 38. Rxb3 Kf6 39. Rxb6 Kf5 40. Rxd6 Kxf4 41. Rd7 Ke5 42. Rxg7 Kd4 43. Rxh7 Kxc4 44. d6 a4 45. d7 a3+ 46. Kxa3 1-0


[Site "https://www.chess.com"]

[Event "Titled Tuesday Blitz March 28 Early 2023"]
[White "Jessel, Stephen"]
[Black "Maxfan2008"]
[WhiteFideId "628859"]
[WhiteElo "2268"]
[BlackElo "2443"]
[Result "0-1"]
[Round "10"]
[TimeControl "180+2"]
[Date "2023.03.28"]
[WhiteClock "0:00:25"]
[BlackClock "0:00:19"]

1. Nf3 d5 2. c4 c6 3. g3 Nf6 4. Bg2 Bg4 5. Ne5 Bf5 6. cxd5 cxd5 7. Nc3 Nc6 8. Nxc6 bxc6 9. d3 e5 10. O-O Bd6 11. e4 Bg4 12. Qa4 Bd7 13. Qa6 d4 14. Na4 Rb8 15. b3 O-O 16. Bd2 Qe7 17. Rfc1 c5 18. Rc2 Bb5 19. Qa5 Bxd3 20. Rxc5 Bxc5 21. Qxc5 Rfe8 22. Re1 Rbc8 23. Qa5 Rc2 24. Bb4 Qd8 25. Qxa7 Rxa2 26. Qb7 Qb8 27. Nc5 Qxb7 28. Nxb7 Rb8 29. Nc5 Rxb4 30. Nxd3 Rb5 31. Rb1 Rd2 32. Ne1 Rb4 33. f3 Nd7 34. Bf1 Nc5 35. Bc4 d3 36. Ra1 g6 37. Kf1 Rxh2 38. Ra8+ Kg7 39. Nxd3 Nxd3 40. Bxd3 Rxb3 41. Rd8 Rd2 42. Bc4 Rb1# 0-1


[Site "https://www.chess.com"]

[Event "Titled Tuesday Blitz March 28 Early 2023"]
[White "Skaric, Djuro"]
[Black "Perez Gormaz, Matias"]
[WhiteFideId "934569"]
[BlackFideId "3406342"]
[WhiteElo "2282"]
[BlackElo "2362"]
[Result "0-1"]
[Round "10"]
[TimeControl "180+2"]
[Date "2023.03.28"]
[WhiteClock "0:01:13"]
[BlackClock "0:00:12"]

1. g3 d5 2. Bg2 Nf6 3. d3 e5 4. Nf3 Bd6 5. O-O O-O 6. Nc3 c6 7. e4 h6 8. h3 Re8 9. Nd2 Be6 10. f4 exf4 11. gxf4 dxe4 12. dxe4 Nbd7 13. e5 Bc5+ 14. Kh2 Nd5 15. Nde4 Nxc3 16. bxc3 Bf8 17. Be3 Bd5 18. Rg1 Qh4 19. Qg4 Qxg4 20. hxg4 Nxe5 21. fxe5 Rxe5 22. Bf4 Rxe4 23. Bxe4 Bxe4 24. Rad1 Bd5 25. a4 b6 26. g5 hxg5 27. Rxg5 f6 28. Rg3 Kf7 29. Rgd3 Bc5 30. Be3 Bd6+ 31. Kg1 Be7 32. Ra1 Rh8 33. Rdd1 Rh1+ 34. Kf2 Rh2+ 35. Kg3 Bd6+ 36. Bf4 Rg2+ 37. Kh3 Bxf4 38. Rxd5 Rg3+ 39. Kh4 cxd5 40. a5 Rg6 41. a6 f5 42. Kh3 Rg3+ 43. Kh4 g5+ 0-1


[Site "https://www.chess.com"]

[Event "Titled Tuesday Blitz March 28 Early 2023"]
[White "Grigoriants, Sergey"]
[Black "Titichoca Daza, Daniel"]
[WhiteFideId "4130804"]
[BlackFideId "3309550"]
[WhiteElo "2502"]
[BlackElo "2095"]
[Result "1/2-1/2"]
[Round "10"]
[TimeControl "180+2"]
[Date "2023.03.28"]
[WhiteClock "0:00:17"]
[BlackClock "0:00:08"]

1. d4 e6 2. c4 f5 3. g3 Nf6 4. Bg2 d6 5. Nc3 g6 6. Nf3 Bg7 7. O-O O-O 8. b3 Ne4 9. Qc2 Nxc3 10. Qxc3 Nc6 11. Bb2 g5 12. Rad1 g4 13. Ne1 Qe7 14. Bxc6 bxc6 15. Qa5 c5 16. Rd2 Bb7 17. dxc5 dxc5 18. Bxg7 Kxg7 19. Nd3 Rfd8 20. Rfd1 Rxd3 21. Rxd3 Bc6 22. Qc3+ Kg8 23. Qe5 Rf8 24. f4 h5 25. h4 gxh3 26. Kh2 Kf7 27. e4 Qf6 28. Rd7+ Kg6 29. Qxf6+ Kxf6 30. e5+ Kg6 31. Rxc7 Bg2 32. Rd6 Re8 33. Rdd7 h4 34. Rg7+ Kh5 35. Rg5+ Kh6 36. gxh4 Rd8 37. Re7 Rd1 38. Rxe6+ Kh7 39. Re7+ Kh6 40. Re6+ Kh7 41. h5 Rh1+ 42. Kg3 Rg1 43. Kf2 Rf1+ 44. Kg3 Rf3+ 45. Kh2 Rxf4 46. Rgg6 Rf2 47. Re7+ Kh8 48. Rd6 Be4+ 49. Kxh3 Rf3+ 50. Kh4 Rf4+ 51. Kg5 Rg4+ 52. Kf6 Rg8 53. Rdd7 f4 54. Rf7 f3 55. Ke7 Rg5 56. Rd8+ Rg8 57. e6 f2 58. Rxf2 Bc6 59. Rxg8+ Kxg8 60. Kd6 Be8 61. e7 Bxh5 62. Rf8+ Kg7 63. e8=Q Bxe8 64. Rxe8 Kf7 65. Re7+ Kf6 66. Rxa7 Kf5 67. Kxc5 Ke4 68. b4 Kd3 69. b5 Kc2 70. b6 Kb1 71. b7 Ka1 72. b8=Q 1/2-1/2


[Site "https://www.chess.com"]

[Event "Titled Tuesday Blitz March 28 Early 2023"]
[White "Zhigalko, Sergei"]
[Black "Lenaerts, Lennert"]
[WhiteFideId "13502956"]
[BlackFideId "211435"]
[WhiteElo "2626"]
[BlackElo "2334"]
[Result "1-0"]
[Round "10"]
[TimeControl "180+2"]
[Date "2023.03.28"]
[WhiteClock "0:00:04"]
[BlackClock "0:00:27"]

1. e4 e5 2. Nf3 Nc6 3. Bc4 Bc5 4. b4 Bxb4 5. c3 Ba5 6. d4 d6 7. Qb3 Qe7 8. d5 Nd4 9. Nxd4 exd4 10. O-O Bb6 11. cxd4 Bxd4 12. Bb2 Bxb2 13. Qxb2 Nf6 14. Nc3 O-O 15. Rae1 Re8 16. f4 Nd7 17. e5 dxe5 18. Ne4 Nb6 19. Bb3 Bf5 20. d6 cxd6 21. fxe5 Qxe5 22. Bxf7+ Kh8 23. Qf2 Re7 24. Qxf5 Qxf5 25. Rxf5 Rf8 26. Re2 Rexf7 27. Rxf7 Rxf7 28. Nxd6 Rf8 29. Re7 Rb8 30. Rxb7 Rxb7 31. Nxb7 Kg8 32. Kf2 Kf7 33. Ke3 Ke6 34. Kd4 Nd7 35. Nc5+ Nxc5 36. Kxc5 Kd7 37. Kd5 h6 38. h3 h5 39. h4 g6 40. g3 a6 41. a3 Ke7 42. Kc6 Ke6 43. Kb6 g5 44. hxg5 Kf5 45. Kxa6 Kxg5 46. a4 Kg4 47. Kb6 Kxg3 48. a5 h4 49. a6 h3 50. a7 Kg2 51. a8=Q+ Kg1 52. Qa1+ Kg2 53. Qb2+ Kg1 54. Qc1+ Kg2 55. Qd2+ Kg1 56. Qe3+ Kg2 57. Qe4+ Kf1 58. Qf3+ 1-0


[Site "https://www.chess.com"]

[Event "Titled Tuesday Blitz March 28 Early 2023"]
[White "Moussard, Jules"]
[Black "Nurmanova, Alua"]
[WhiteFideId "642908"]
[BlackFideId "13729390"]
[WhiteElo "2610"]
[BlackElo "2253"]
[Result "1-0"]
[Round "10"]
[TimeControl "180+2"]
[Date "2023.03.28"]
[WhiteClock "0:02:17"]
[BlackClock "0:00:05"]

1. f4 e5 2. fxe5 d6 3. exd6 Bxd6 4. Nf3 g5 5. c3 g4 6. Qa4+ Bd7 7. Qe4+ Ne7 8. Ne5 Bxe5 9. Qxe5 Rg8 10. d4 Nc6 11. Qg3 Nf5 12. Qf4 Qe7 13. e4 O-O-O 14. Bd3 g3 15. h3 Nh4 16. O-O f5 17. exf5 Nxf5 18. Bxf5 Bxf5 19. Qxf5+ Kb8 20. Bf4 Rdf8 21. Qd3 h5 22. Nd2 h4 23. Rae1 Qd7 24. d5 Ne7 25. d6 Rxf4 26. Rxf4 cxd6 27. Rf7 Qc6 28. Rexe7 Qb6+ 29. Kh1 1-0


[Site "https://www.chess.com"]

[Event "Titled Tuesday Blitz March 28 Early 2023"]
[White "Boyer, Mahel"]
[Black "Derjabin, Ilja"]
[WhiteFideId "45102422"]
[BlackFideId "14104768"]
[WhiteElo "2439"]
[BlackElo "2309"]
[Result "1-0"]
[Round "10"]
[TimeControl "180+2"]
[Date "2023.03.28"]
[WhiteClock "0:00:20"]
[BlackClock "0:00:02"]

1. e4 e6 2. d3 d5 3. Nd2 Bc5 4. c3 dxe4 5. d4 e3 6. fxe3 Bd6 7. Ngf3 Nf6 8. Bd3 Nc6 9. Nc4 Qe7 10. O-O e5 11. Nxd6+ cxd6 12. e4 Bg4 13. d5 Nb8 14. h3 Bxf3 15. Qxf3 h6 16. Qg3 Kf8 17. b4 Nbd7 18. Be3 a5 19. a4 Kg8 20. Rfb1 axb4 21. cxb4 Kh7 22. a5 Rhc8 23. Rc1 Nf8 24. Qf2 Ng6 25. Qf5 Qd7 26. Qxd7 Nxd7 27. Rxc8 Rxc8 28. Rc1 Rxc1+ 29. Bxc1 Nf4 30. Bf1 f5 31. Bxf4 exf4 32. exf5 g5 33. b5 Kg7 34. b6 Nc5 35. Bb5 Kf6 36. Bc6 Kxf5 37. Bxb7 f3 38. a6 Kf4 39. gxf3 Kg3 40. Bc8 Nxa6 41. Bxa6 1-0


[Site "https://www.chess.com"]

[Event "Titled Tuesday Blitz March 28 Early 2023"]
[White "Castellanos Villela, Alejandro"]
[Black "Zemlyanskii, Ivan"]
[WhiteFideId "3446379"]
[BlackFideId "24249971"]
[WhiteElo "2102"]
[BlackElo "2233"]
[Result "0-1"]
[Round "10"]
[TimeControl "180+2"]
[Date "2023.03.28"]
[WhiteClock "0:00:01"]
[BlackClock "0:00:22"]

1. Nf3 d5 2. g3 Nf6 3. Bg2 c5 4. O-O e6 5. c4 d4 6. b4 cxb4 7. a3 a5 8. Bb2 Nc6 9. e3 Bc5 10. axb4 Bxb4 11. Nxd4 Bd7 12. Nc2 Be7 13. d4 O-O 14. Nc3 Qc8 15. Qe2 Nb4 16. Nxb4 axb4 17. Ne4 Bc6 18. d5 exd5 19. Nxf6+ Bxf6 20. Bxf6 gxf6 21. cxd5 Rxa1 22. Rxa1 Bd7 23. Qb2 Qc3 24. Rb1 Rc8 25. Qe2 b3 26. Be4 f5 27. Bf3 Qc2 28. Qd1 b2 29. Qxc2 Rxc2 30. Kg2 Bb5 31. d6 Kf8 32. Bxb7 Bc4 33. e4 Ba2 34. Re1 b1=Q 35. Rxb1 Bxb1 36. e5 Re2 37. Ba6 Rxe5 38. f4 Rd5 39. Kh3 Rxd6 0-1


[Site "https://www.chess.com"]

[Event "Titled Tuesday Blitz March 28 Early 2023"]
[White "Samunenkov, Ihor"]
[Black "Fiorito, Joaquin"]
[WhiteFideId "14187086"]
[BlackFideId "180173"]
[WhiteElo "2457"]
[BlackElo "2157"]
[Result "1-0"]
[Round "10"]
[TimeControl "180+2"]
[Date "2023.03.28"]
[WhiteClock "0:00:49"]
[BlackClock "0:00:15"]

1. d4 Nf6 2. c4 e6 3. Nc3 Bb4 4. e3 O-O 5. Bd2 d5 6. Nf3 c5 7. a3 Bxc3 8. Bxc3 Ne4 9. Rc1 b6 10. dxc5 bxc5 11. cxd5 exd5 12. Be2 Bb7 13. O-O Nc6 14. Be1 Qd6 15. Nd2 Nxd2 16. Bxd2 Rac8 17. Qc2 Ne5 18. Qf5 Ng6 19. b4 c4 20. Bc3 Rfe8 21. Rfd1 Qe6 22. Qg5 f6 23. Qg3 Ne5 24. h4 Rcd8 25. h5 Qf5 26. Rd4 Nc6 27. Rf4 Qd7 28. Bxf6 Rb8 29. Bxg7 1-0


[Site "https://www.chess.com"]

[Event "Titled Tuesday Blitz March 28 Early 2023"]
[White "Tokhirjonova, Gulrukhbegim"]
[Black "Molina, Roberto Junio Brito"]
[WhiteFideId "14203626"]
[BlackFideId "2109450"]
[WhiteElo "2268"]
[BlackElo "2376"]
[Result "0-1"]
[Round "10"]
[TimeControl "180+2"]
[Date "2023.03.28"]
[WhiteClock "0:00:06"]
[BlackClock "0:00:20"]

1. e4 c6 2. Nc3 d5 3. Nf3 dxe4 4. Nxe4 Bg4 5. h3 Bxf3 6. Qxf3 Nd7 7. d4 Ndf6 8. Be3 Nxe4 9. Qxe4 Nf6 10. Qd3 e6 11. Be2 Qa5+ 12. c3 Be7 13. O-O O-O 14. b4 Qc7 15. a4 Rfd8 16. Qc2 Rac8 17. c4 a6 18. Rfd1 Bxb4 19. c5 a5 20. Rab1 Nd5 21. Bg5 Re8 22. Bf3 b6 23. Rb3 bxc5 24. dxc5 Qa7 25. Rc1 f6 26. Bh4 Rcd8 27. Be4 h6 28. Bh7+ Kh8 29. Bg6 Re7 30. Bg3 e5 31. Rd3 Qd7 32. Rdd1 Qe6 33. Qe4 Qg8 34. Qh4 Nc3 35. Rxd8 Qxd8 36. Rf1 Qd4 37. Qh5 Bxc5 38. Bf5 Qd5 39. Rc1 Bb4 40. Kh2 Kg8 41. Qg6 Kf8 42. Bh4 Qf7 43. Qg4 Qd5 44. Qg6 e4 45. Qh7 Qg8 46. Qg6 Qf7 47. Qh7 g5 48. Qxh6+ Qg7 49. Qxg7+ Kxg7 50. Bg3 e3 51. fxe3 Rxe3 52. Bf2 Re2 53. Bd4 Nxa4 54. Rxc6 Be7 55. Ra6 Nc5 56. Rxa5 Nb3 57. Rd5 Rd2 58. Rd7 Nxd4 59. Rxe7+ Kf8 60. Re6 Nxe6 0-1


[Site "https://www.chess.com"]

[Event "Titled Tuesday Blitz March 28 Early 2023"]
[White "Ibadov, Dashgyn"]
[Black "Krysa, Leandro"]
[WhiteFideId "24107514"]
[BlackFideId "116807"]
[WhiteElo "2208"]
[BlackElo "2485"]
[Result "0-1"]
[Round "10"]
[TimeControl "180+2"]
[Date "2023.03.28"]
[WhiteClock "0:00:02"]
[BlackClock "0:00:24"]

1. e4 c5 2. Nf3 Nc6 3. Bb5 g6 4. O-O Bg7 5. c3 e5 6. d4 cxd4 7. cxd4 exd4 8. Bf4 a6 9. Bd3 Nge7 10. Bd6 O-O 11. Nbd2 b6 12. h4 Bb7 13. h5 Re8 14. Ng5 Nc8 15. Nxf7 Kxf7 16. Bc4+ Re6 17. e5 Nxe5 18. Bxe5 Bxe5 19. f4 Bg7 20. hxg6+ hxg6 21. f5 gxf5 22. Qh5+ Kg8 23. Rxf5 Nd6 24. Bxe6+ dxe6 25. Rg5 Nf5 26. Qg6 Qe7 27. Rh5 Qf6 28. Qh7+ Kf7 29. Nc4 Rh8 30. Rxf5 exf5 31. Nd6+ Ke6 0-1


[Site "https://www.chess.com"]

[Event "Titled Tuesday Blitz March 28 Early 2023"]
[White "Salemgareev, Tagir"]
[Black "Alinasab, Mobina"]
[WhiteFideId "24199052"]
[BlackFideId "12528897"]
[WhiteElo "2366"]
[BlackElo "2141"]
[Result "0-1"]
[Round "10"]
[TimeControl "180+2"]
[Date "2023.03.28"]
[WhiteClock "0:00:13"]
[BlackClock "0:00:13"]

1. d4 Nf6 2. c4 e6 3. Nf3 b6 4. g3 Bb7 5. Bg2 Be7 6. O-O O-O 7. Re1 d5 8. cxd5 exd5 9. Nc3 c5 10. Bf4 Na6 11. Qb3 Nc7 12. dxc5 Bxc5 13. Rad1 Ne6 14. Be5 Ng4 15. e3 Nxe5 16. Nxe5 Qc7 17. Bxd5 Bxd5 18. Rxd5 Rfd8 19. Red1 Rxd5 20. Rxd5 Rd8 21. Rxd8+ Qxd8 22. Qd5 Qxd5 23. Nxd5 f6 24. Nc6 a5 25. a4 Kf7 26. Kf1 Ke8 27. Ke2 Kd7 28. Na7 Kd6 29. Nc3 Bb4 30. Ne4+ Kd5 31. Kd3 f5 32. Nc3+ Bxc3 33. Kxc3 Nc5 34. Nc8 Nxa4+ 35. Kc2 b5 36. Ne7+ Ke4 37. Nc6 Kf3 38. Nd4+ Kxf2 39. Nxf5 g6 40. Nd4 Kxe3 41. Nxb5 Kf2 42. Nd6 Kg2 43. Nf7 Kxh2 44. g4 Kg3 45. g5 Kg4 46. Ne5+ Kxg5 47. Nd7 h5 48. b3 h4 49. bxa4 h3 50. Ne5 Kf5 51. Nf3 Kf4 52. Nh2 Kg3 53. Nf1+ Kg2 54. Ne3+ Kf2 55. Ng4+ Kg3 56. Ne3 h2 57. Nf1+ Kh3 58. Nxh2 Kxh2 59. Kd3 g5 60. Kc4 g4 61. Kb5 g3 62. Kxa5 g2 63. Ka6 g1=Q 64. a5 Qg6+ 65. Kb7 Qf7+ 66. Kb6 Qe6+ 67. Kb7 Qd7+ 68. Kb6 Qd8+ 69. Ka6 Qa8+ 0-1


[Site "https://www.chess.com"]

[Event "Titled Tuesday Blitz March 28 Early 2023"]
[White "Jeet, Jain"]
[Black "Mikhailovsky, Vladimir"]
[WhiteFideId "5073022"]
[BlackFideId "34105414"]
[WhiteElo "2067"]
[BlackElo "2293"]
[Result "0-1"]
[Round "10"]
[TimeControl "180+2"]
[Date "2023.03.28"]
[WhiteClock "0:02:11"]
[BlackClock "0:02:07"]

1. c4 g6 2. Nc3 Bg7 3. Nf3 e5 4. e3 Ne7 5. d4 exd4 6. Nxd4 O-O 7. h4 d5 8. h5 Nbc6 9. Nxc6 bxc6 10. hxg6 hxg6 11. Bd3 Be6 12. Qf3 dxc4 13. Bc2 Nd5 14. Bd2 Nb4 15. Be4 Nd3+ 16. Ke2 f5 17. Bxc6 Ne5 18. Bxa8 Nxf3 19. Bxf3 Qd3+ 20. Ke1 Rd8 21. Rd1 Qc2 0-1


[Site "https://www.chess.com"]

[Event "Titled Tuesday Blitz March 28 Early 2023"]
[White "Zubritskiy, Artyom"]
[Black "Osinenko, Anton"]
[WhiteFideId "4181247"]
[BlackFideId "4158970"]
[WhiteElo "2419"]
[BlackElo "2294"]
[Result "1/2-1/2"]
[Round "10"]
[TimeControl "180+2"]
[Date "2023.03.28"]
[WhiteClock "0:00:15"]
[BlackClock "0:00:14"]

1. d4 Nf6 2. c4 e5 3. dxe5 Ng4 4. Nf3 Nc6 5. Bf4 Bb4+ 6. Nc3 Bxc3+ 7. bxc3 Qe7 8. Qd5 f6 9. exf6 Nxf6 10. Qd3 d6 11. g3 O-O 12. Bg2 Ne4 13. O-O Nc5 14. Qe3 Be6 15. Nd4 Bxc4 16. Nxc6 Qxe3 17. Bxe3 bxc6 18. Bxc6 Rab8 19. Rfb1 Bxe2 20. Bd5+ Kh8 21. Rb4 a5 22. Rh4 Rb2 23. Bd4 Rd2 24. Rb1 h5 25. h3 Kh7 26. g4 g6 27. Kh1 Bf3+ 28. Bxf3 Rxf3 29. gxh5 g5 30. Rg4 Rxh3+ 31. Kg2 Rxh5 32. Bxc5 dxc5 33. Rb7 Rd7 34. Rb5 Rd5 35. Rxa5 Rh4 36. Rxh4+ gxh4 37. c4 Rf5 38. a4 Kg6 39. Rb5 h3+ 40. Kxh3 Rxf2 41. Rxc5 Ra2 42. a5 Kf6 43. Kg4 Ke6 44. Kf4 Kd6 45. Rd5+ Kc6 46. Ke4 Rh2 47. Kd4 Rh4+ 48. Kc3 Rh3+ 49. Kb4 Rh1 50. Rc5+ Kd6 51. Rg5 Rb1+ 52. Kc3 Kc6 53. Rg6+ Kb7 54. Kd4 Ra1 55. Rg5 Rd1+ 56. Kc5 Ra1 57. Kb4 Rb1+ 58. Kc3 Ra1 59. Kb2 Rh1 60. Rc5 Rh3 61. Kc2 Rg3 62. Rb5+ Ka6 63. Rc5 Kb7 64. Kb2 Rh3 65. a6+ Kxa6 66. Rxc7 Kb6 67. Rc8 Rg3 68. Kc2 Rh3 69. Rb8+ Kc7 70. Rb3 Rxb3 71. Kxb3 Kc6 72. Kb4 Kb6 73. c5+ Kc6 74. Kc4 Kc7 75. Kb5 Kb7 76. c6+ Kc7 77. Kc5 Kc8 78. Kd5 Kc7 79. Kc5 Kc8 80. Kb6 Kb8 81. c7+ Kc8 82. Kc6 1/2-1/2


[Site "https://www.chess.com"]

[Event "Titled Tuesday Blitz March 28 Early 2023"]
[White "Hajiyev, Kanan"]
[Black "Matinian, Nikita"]
[WhiteFideId "13404148"]
[BlackFideId "24129100"]
[WhiteElo "2103"]
[BlackElo "2422"]
[Result "1-0"]
[Round "10"]
[TimeControl "180+2"]
[Date "2023.03.28"]
[WhiteClock "0:01:18"]
[BlackClock "0:00:14"]

1. d4 Nf6 2. Nf3 g6 3. c4 Bg7 4. g3 O-O 5. Bg2 d6 6. O-O c6 7. b3 a5 8. Nc3 a4 9. Nxa4 Ne4 10. Bb2 f5 11. Qc2 Nd7 12. Nc3 Nxc3 13. Bxc3 e5 14. dxe5 dxe5 15. Rad1 Qe7 16. e4 f4 17. g4 Nc5 18. h3 h5 19. g5 Ra6 20. Bb4 b6 21. Rd2 Be6 22. Rfd1 Qa7 23. a4 Qa8 24. a5 1-0


[Site "https://www.chess.com"]

[Event "Titled Tuesday Blitz March 28 Early 2023"]
[White "Tregubov, Pavel V."]
[Black "Karamsetty, Jeevan"]
[WhiteFideId "4115341"]
[BlackFideId "2025337"]
[WhiteElo "2425"]
[BlackElo "2111"]
[Result "1-0"]
[Round "10"]
[TimeControl "180+2"]
[Date "2023.03.28"]
[WhiteClock "0:00:26"]
[BlackClock "0:00:16"]

1. e4 g6 2. d4 d6 3. Nf3 Nf6 4. Nc3 Bg7 5. Be2 O-O 6. O-O Nc6 7. d5 Nb8 8. Be3 e5 9. dxe6 Bxe6 10. Nd4 Bd7 11. f4 Nc6 12. Bf3 Re8 13. Kh1 Qe7 14. Qd2 a6 15. Rae1 Ng4 16. Bg1 h5 17. Nd5 Qd8 18. h3 Nf6 19. Nc3 Qc8 20. Kh2 Nh7 21. Bf2 Qd8 22. Nd5 Rc8 23. c3 Ne7 24. Bh4 Bf8 25. f5 c6 26. fxg6 fxg6 27. Bxh5 cxd5 28. Bxg6 Bg7 29. exd5 Be5+ 30. Rxe5 dxe5 31. Qh6 Nxg6 32. Qxg6+ Kh8 33. Rf7 Qxh4 34. Qg7# 1-0


[Site "https://www.chess.com"]

[Event "Titled Tuesday Blitz March 28 Early 2023"]
[White "Garv Gaur"]
[Black "Cuenca Jimenez, Jose Fernando"]
[WhiteFideId "45030839"]
[BlackFideId "2255570"]
[WhiteElo "2068"]
[BlackElo "2429"]
[Result "1-0"]
[Round "10"]
[TimeControl "180+2"]
[Date "2023.03.28"]
[WhiteClock "0:00:21"]
[BlackClock "0:00:01"]

1. Nf3 Nf6 2. g3 g6 3. Bg2 Bg7 4. O-O O-O 5. d4 d5 6. c4 dxc4 7. Na3 Nc6 8. Nxc4 Be6 9. Nce5 Bd5 10. Bf4 a5 11. Rc1 e6 12. a3 a4 13. Qc2 Be4 14. Qd2 Na5 15. Rcd1 c6 16. Nd3 Nb3 17. Qb4 b6 18. Nfe5 Bxg2 19. Kxg2 Nd5 20. Qc4 Rc8 21. Qxa4 Nxf4+ 22. Nxf4 Na5 23. Nf3 Qe7 24. Nd3 Rfd8 25. Nde5 Qd6 26. b4 Nb7 27. Qa6 Qc7 28. Rc1 Ra8 29. Qd3 Rd6 30. Qc3 Nd8 31. Rfd1 Qb7 32. Nc4 Rd7 33. Nfe5 Rc7 34. Nd6 Qa7 35. Nb5 cxb5 36. Qxc7 1-0


[Site "https://www.chess.com"]